 Dungeon Crawl Stone Soup version 0.31-a0-986-g5e6e4ef867 (webtiles) character file.

Game seed: 11626195255401781417

43428 Firecrotchwizard the Brawler (level 13, -4/205 HPs)
             Began as a Troll Shapeshifter on Nov 16, 2023.
             Was an Initiate of Gozag.
             Slain by a nine-headed hydra (11 damage)
             ... on level 4 of the Lair of Beasts.
             The game lasted 00:43:44 (15172 turns).

Firecrotchwizard the Brawler (Troll Shapeshifter)  Turns: 15172, Time: 00:43:45

Health: -4/205     AC:  6    Str: 33    XL:     13   Next: 90%
Magic:  12/12      EV:  9    Int:  8    God:    Gozag
Gold:   2946       SH:  0    Dex:  9    Spells: 12/12 levels left

rFire   . .          .
                       - Unarmed
rCold   + . .        (no shield)
rNeg    . . .        E - +2 robe {rC+}
rPois   .            (helmet currently unavailable)
rElec   .            (cloak currently unavailable)
rCorr   .            (gloves unavailable)
SInv    .            (boots unavailable)
Will    .....        p - amulet of regeneration Stlth
                     N - +6 ring of strength
HPRegen 2.14/turn    j - ring of flight
MPRegen 0.13/turn

%: no passive effects
@: berserking, beast-form, flying, very quick
A: beast (slay +4), large, unfitting armour, claws 3, regeneration 1, shaggy fur
1, tough skin 1
a: Begin Untransformation, Renounce Religion, Potion Petition, Call Merchant,
Bribe Branch


You were on level 4 of the Lair of Beasts.
You worshipped Gozag.
Gozag was most pleased with you.
You were a hulking beast.
You visited 3 branches of the dungeon, and saw 17 of its levels.

You collected 5112 gold pieces.
You spent 39 gold pieces at shops.
You paid 2127 gold pieces to Gozag.

Inventory:

Hand Weapons
 I - a +0 orcbow
Missiles
 B - 32 poisoned darts
 M - a throwing net {@!f}
Armour
 a - a +1 animal skin
 E - a +2 robe of cold resistance (worn)
Jewellery
 j - a ring of flight (right claw)
 n - a +6 ring of intelligence
 p - an amulet of regeneration (around neck)
 y - a ring of protection from fire
 D - a ring of see invisible
 F - a ring of positive energy
 N - a +6 ring of strength (left claw)
 P - a ring of protection from fire
Talismans
 c - a beast talisman
 d - a flux talisman
 r - a maw talisman
 G - a blade talisman
Wands
 A - a wand of acid (2)
 C - a wand of charming (9)
 H - a wand of digging (3)
 R - a wand of roots (11)
Scrolls
 e - 3 scrolls of vulnerability
 f - 2 scrolls of fog
 h - a scroll of immolation
 i - 3 scrolls of identify
 k - 5 scrolls of enchant armour
 l - a scroll of fear
 t - 4 scrolls of teleportation
 w - a scroll of enchant weapon
 K - 2 scrolls of amnesia
 O - 3 scrolls of revelation
Potions
 b - 6 potions of lignification
 g - 3 potions of curing
 m - 2 potions of berserk rage
 o - 2 potions of mutation
 q - 3 potions of attraction
 s - 3 potions of brilliance
 u - 2 potions of enlightenment {unknown}
 v - 7 potions of haste
 x - 2 potions of resistance
 z - a potion of degeneration {unknown}
 J - a potion of cancellation {unknown}
 L - 3 potions of might {unknown}
 Q - a potion of invisibility {unknown}


   Skills:
 + Level 11.4 Fighting
 - Level 1.5 Dodging
 + Level 15.8 Unarmed Combat
 + Level 12.6 Shapeshifting


You had 12 spell levels left.
You didn't know any spells.
Your spell library contained the following spells:

 Spells                   Type           Power      Damage    Failure   Level
 Freeze                   Ice            0%         1d3       41%         1
 Magic Dart               Conj           0%         1d3       41%         1
 Blink                    Tloc           0%         N/A       54%         2
 Call Imp                 Summ           0%         N/A       54%         2
 Lesser Beckoning         Tloc           0%         N/A       54%         2
 Momentum Strike          Conj/Tloc      0%         3d8       54%         2
 Scorch                   Fire           0%         2d5       54%         2
 Searing Ray              Conj           0%         2d4       54%         2
 Dazzling Flash           Conj/Hex       0%         N/A       78%         3
 Frozen Ramparts          Ice            0%         1d1       78%         3
 Gell's Gravitas          Tloc           0%         N/A       78%         3
 Hailstorm                Conj/Ice       0%         3d3       78%         3
 Ignite Poison            Fire/Tmut/Pois 0%         N/A       78%         3
 Mephitic Cloud           Conj/Pois/Air  0%         N/A       78%         3
 Ozocubu's Armour         Ice            0%         N/A       78%         3
 Teleport Other           Tloc           0%         N/A       78%         3
 Tukima's Dance           Hex            0%         N/A       78%         3
 Volatile Blastmotes      Fire/Tloc      0%         2d10      78%         3
 Dimensional Bullseye     Hex/Tloc       0%         N/A       99%         4
 Flame Wave               Conj/Fire      0%         2d4       99%         4
 Fulminant Prism          Conj/Hex       0%         3d5       99%         4
 Iskenderun's Mystic Bla  Conj/Tloc      0%         2d3       99%         4
 Sticky Flame             Conj/Fire      0%         2d3       99%         4
 Metabolic Englaciation   Hex/Ice        0%         N/A       100%        5
 Dispersal                Tloc           0%         N/A       100%        6
 Starburst                Conj/Fire      0%         6d3       100%        6
 Summon Cactus Giant      Summ           0%         N/A       100%        6
 Ignition                 Fire           0%         3d3       100%        8
 Maxwell's Capacitive Co  Air            0%         ∞         100%        8
 Simulacrum               Ice/Necr       Unusable   N/A       N/A         6

Dungeon Overview and Level Annotations

Branches:
Dungeon (11/15)            Temple (1/1) D:4            Lair (5/5) D:11
 Spider (0/4) Lair:2        Slime (0/5) Lair:5
  Swamp: Lair:2-3    Shoals: Lair:2-3       Orc: D:9-12

Altars:
Ashenzari
Cheibriados
Dithmenos
Elyvilon
Fedhas
Gozag
Hepliaklqana
Kikubaaqudgha
Makhleb
Nemelex Xobeh
Okawaru
Qazlal
Ru
Sif Muna
Trog
Uskayaw
Vehumet
Wu Jian
Xom
Yredelemnul
Zin
The Shining One

Shops:
D:1 *   D:2 !(*[   D:3 [

Annotations:
D:5 exclusion: statue
Lair:1 3 runed translucent doors, Firecrotchwizard's ghost, journeyman TrSh


Innate Abilities, Weirdness & Mutations

You are a hulking beast.
Your limbs bulge with bestial killing power. (Slay +4)
You are too large for most types of armour.
You have claws for hands.
Your natural rate of healing is unusually fast.
You are covered in fur. (AC +1)
You have tough skin. (AC +1)


Message History

You claw one of the four-headed hydra's heads off!
The three-headed hydra grows two more!
You claw the five-headed hydra!
The five-headed hydra is lightly wounded.
The five-headed hydra attacks as it pursues you!
The five-headed hydra bites you. x5
The five-headed hydra attacks as it pursues you!
The five-headed hydra bites you.
The five-headed hydra closely misses you.
The five-headed hydra bites you but does no damage. x3
The five-headed hydra attacks as it pursues you!
The five-headed hydra bites you. x2
The five-headed hydra closely misses you.
The five-headed hydra bites you!
The five-headed hydra barely misses you.
The five-headed hydra attacks as it pursues you!
The five-headed hydra bites you. x2
The five-headed hydra closely misses you.
The five-headed hydra bites you! x2
The five-headed hydra attacks as it pursues you!
The five-headed hydra barely misses you.
The five-headed hydra closely misses you. x2
The five-headed hydra barely misses you. x2
There is an open door, spattered with blood here.
The five-headed hydra attacks as it pursues you!
The five-headed hydra barely misses you.
The five-headed hydra bites you.
The five-headed hydra barely misses you.
The five-headed hydra misses you. The five-headed hydra bites you.
The five-headed hydra attacks as it pursues you!
The five-headed hydra bites you!
The five-headed hydra barely misses you. x2
The five-headed hydra bites you!
* * * LOW HITPOINT WARNING * * *
The five-headed hydra bites you.
* * * LOW HITPOINT WARNING * * *
There is a stone staircase leading up, spattered with blood here.
The five-headed hydra closely misses you.
The five-headed hydra bites you!
* * * LOW HITPOINT WARNING * * *
The five-headed hydra completely misses you.
The five-headed hydra bites you.
* * * LOW HITPOINT WARNING * * *
The five-headed hydra bites you but does no damage.
You fly upwards.
There is a stone staircase leading down, spattered with blood here.
Unknown command. [a] - 364 gold - heal wounds, curing and berserk rage [b] - 300 gold - heal wounds and berserk rage [c] - 598 gold - resistance, enlightenment, curing and magic Purchase which effect?
You no longer have enough gold to bribe branches to halt enemies' attacks and recruit allies.
You feel much better.
A red film seems to cover your vision as you go berserk!
You feel yourself moving faster!
You feel mighty!
The five-headed hydra barely misses you.
The five-headed hydra completely misses you.
The five-headed hydra bites you!
The five-headed hydra bites you but does no damage.
The five-headed hydra bites you!
* * * LOW HITPOINT WARNING * * *
You rip one of the five-headed hydra's heads off!
The four-headed hydra grows two more!
You claw the six-headed hydra!
The six-headed hydra is lightly wounded.
You rip one of the six-headed hydra's heads off!
The five-headed hydra grows two more!
You mangle the seven-headed hydra!!
The seven-headed hydra is moderately wounded.
The seven-headed hydra bites you!
* * * LOW HITPOINT WARNING * * *
The seven-headed hydra bites you!
* * * LOW HITPOINT WARNING * * *
The seven-headed hydra bites you!
* * * LOW HITPOINT WARNING * * *
The seven-headed hydra bites you.
* * * LOW HITPOINT WARNING * * *
The seven-headed hydra barely misses you.
The seven-headed hydra bites you!
* * * LOW HITPOINT WARNING * * *
The seven-headed hydra bites you but does no damage.
You barely miss the seven-headed hydra.
The seven-headed hydra is moderately wounded.
Unknown command.
You rip one of the seven-headed hydra's heads off!
The six-headed hydra grows two more!
You mangle the eight-headed hydra!!
The eight-headed hydra is heavily wounded.
Unknown command.
You claw one of the eight-headed hydra's heads off!
The seven-headed hydra grows two more!
You eviscerate the nine-headed hydra!!!
The nine-headed hydra is severely wounded.
The nine-headed hydra bites you!
* * * LOW HITPOINT WARNING * * *
The nine-headed hydra bites you.
* * * LOW HITPOINT WARNING * * *
The nine-headed hydra bites you!
* * * LOW HITPOINT WARNING * * *
The nine-headed hydra bites you!
* * * LOW HITPOINT WARNING * * *
The nine-headed hydra barely misses you. x2
The nine-headed hydra bites you!
You die...
Your body crumbles into a pile of gold.

###.....#...##..........
#P......................
#####.###......##.#####....
####.# #...#..#....##.# #.##.
####.#..###.#)##..#..##### #....
.............###.#..## ######....
..###.PP.##..# #.#P.####.#.#.....
.#####.P.#..####.................
...............[h....#.#.#.......
.....#..####....D#.#.#######..##.
....##### #.....####.#######.####
....## ###..#....#....##..#.. #
.....####.................##.## #
..............[.####...#..##.# ##
..#.......##....# ##..##...#.###.
.##.............###..####.##.##..
.##..............#..#.....#....P.


You could see a nine-headed hydra.

Vanquished Creatures
  Snorg (D:11)
  A fire dragon (Lair:5)
  Josephine (D:9)
  Harold (D:10)
  3 two-headed ogres
  Urug (Lair:4)
  Sonja (Lair:4)
  3 skysharks
  An orb spider (Lair:2)
  A swamp dragon (Lair:5)
  A cyclops (D:11)
  5 black mambas
  13 elephants
  11 cane toads
  An unseen horror (D:10)
  2 kobold demonologists (D:11)
  3 rime drakes
  2 komodo dragons (Lair:3)
  2 burning bushes (Lair:5)
  4 trolls
  A polar bear (D:11)
  A dream sheep (Lair:5)
  37 blink frogs
  A shadow (D:11)
  4 wyverns
  4 wraiths
  32 yaks
  2 basilisks
  2 steam dragons
  5 vampire mosquitoes
  3 acid dragons (Lair:5)
  Menkaure (D:7)
  9 water moccasins
  2 orc warriors
  2 swamp drakes (Lair:5)
  8 ice beasts
  2 ogres
  11 wolves
  2 phantoms
  12 centaurs
  4 kobold brigands
  9 bullfrogs
  2 scorpions (D:5)
  10 wights
  11 killer bees
  2 vampire bats (D:11)
  2 electric eels (Lair:2)
  2 howler monkeys
  7 hounds
  3 orc priests
  A jelly (D:6)
  13 iguanas
  Natasha (thrice) (D:2)
  4 sleepcaps
  5 orc wizards
  6 hell rats (Lair:4)
  5 adders
  6 gnolls
  A shadow imp (D:6)
  3 white imps
  2 ufetubi (D:5)
  A worm (D:4)
  3 dart slugs
  24 orcs
  9 ball pythons
  2 bats
  4 bat skeletons (D:11)
  2 bat zombies (D:11)
  3 endoplasms
  4 giant cockroaches
  3 goblins
  9 hobgoblins
  29 kobolds
  A quokka (D:4)
  4 frilled lizards
  4 rats
402 creatures vanquished.

Vanquished Creatures (collateral kills)
  A cane toad (Lair:4)
1 creature vanquished.

Grand Total: 403 creatures vanquished

Notes
Turn   | Place    | Note
-------+----------+-------------------------------------------
     0 | D:1      | Firecrotchwizard the Troll Shapeshifter began the quest for
                  | the Orb.
     0 | D:1      | Reached XP level 1. HP: 18/18 MP: 0/0
    60 | D:1      | Reached skill level 1 in Fighting
   159 | D:1      | Found Ygazego's Assorted Antiques.
   172 | D:1      | You fall into a shaft and drop 1 floor!
   188 | D:2      | Reached XP level 2. HP: 27/27 MP: 1/1
   258 | D:2      | Found Mopus's Antique Armour Shoppe.
   306 | D:2      | Reached XP level 3. HP: 33/33 MP: 2/2
   311 | D:2      | Found Zega Joal's General Store.
   327 | D:2      | Bought a scroll of teleportation for 39 gold pieces
   330 | D:2      | Found Gopoegio's Weapon Shoppe.
   373 | D:2      | Found Fill's Distillery.
   494 | D:1      | Reached skill level 4 in Unarmed Combat
   868 | D:2      | Noticed Natasha
   877 | D:2      | Killed Natasha
   878 | D:2      | Reached XP level 4. HP: 30/42 MP: 3/3
   952 | D:2      | Noticed Natasha
   967 | D:2      | Killed Natasha
  1114 | D:2      | Noticed Natasha
  1124 | D:2      | Killed Natasha
  1125 | D:2      | Reached XP level 5. HP: 28/49 MP: 4/4
  1206 | D:3      | Found Zeurghyobb's Armour Boutique.
  1227 | D:3      | Found a faded altar of an unknown god.
  1649 | D:4      | Reached skill level 5 in Unarmed Combat
  1875 | D:4      | Reached XP level 6. HP: 55/59 MP: 5/5
  2152 | D:4      | Found a staircase to the Ecumenical Temple.
  2172 | Temple   | Entered the Ecumenical Temple
  2188 | Temple   | Became a worshipper of Gozag Ym Sagoz the Greedy
  2335 | D:5      | Entered Level 5 of the Dungeon
  2371 | D:5      | Reached skill level 6 in Unarmed Combat
  2428 | D:5      | Reached XP level 7. HP: 67/67 MP: 6/6
  2749 | D:5      | Reached skill level 7 in Unarmed Combat
  2749 | D:5      | Reached skill level 5 in Shapeshifting
  2866 | D:5      | Found a white marble altar of Elyvilon.
  2867 | D:5      | Found a glowing silver altar of Zin.
  2876 | D:5      | Found a glowing golden altar of the Shining One.
  2908 | D:5      | Found a radiant altar of Vehumet.
  2915 | D:5      | Reached XP level 8. HP: 78/78 MP: 7/7
  2931 | D:5      | Found a shimmering altar of Xom.
  3081 | D:6      | Identified a scroll of acquirement
  3081 | D:6      | Acquired 1330 gold pieces
  3262 | D:6      | Reached skill level 8 in Unarmed Combat
  3356 | D:6      | Found a shadowy altar of Dithmenos.
  3682 | D:6      | Found a stormy altar of Qazlal.
  3898 | D:7      | Noticed Menkaure
  3913 | D:7      | Killed Menkaure
  3923 | D:7      | Reached XP level 9. HP: 46/87 MP: 8/8
  3926 | D:7      | Reached skill level 9 in Unarmed Combat
  4010 | D:7      | Found an ornate altar of the Wu Jian Council.
  4085 | D:7      | Reached skill level 5 in Fighting
  4168 | D:7      | Found a burning altar of Makhleb.
  4168 | D:7      | Found an ancient bone altar of Kikubaaqudgha.
  4332 | D:7      | Found a sacrificial altar of Ru.
  4403 | D:7      | Found a sparkling altar of Nemelex Xobeh.
  5008 | D:8      | Noticed a troll
  5050 | D:8      | Killed a troll
  5051 | D:8      | Reached skill level 10 in Unarmed Combat
  5617 | D:9      | Noticed a troll
  5672 | D:8      | Killed a troll
  6009 | D:9      | Found a hazy altar of Hepliaklqana.
  6143 | D:9      | Reached XP level 10. HP: 88/98 MP: 9/9
  6162 | D:9      | Reached skill level 11 in Unarmed Combat
  6882 | D:10     | Entered Level 10 of the Dungeon
  6882 | D:10     | Noticed Josephine
  6890 | D:9      | Killed Josephine
  7113 | D:10     | Found a shimmering blue altar of Sif Muna.
  7150 | D:10     | Reached skill level 12 in Unarmed Combat
  7264 | D:10     | Noticed Harold
  7276 | D:10     | Killed Harold
  7520 | D:10     | Reached XP level 11. HP: 91/109 MP: 10/10
  7592 | D:10     | Noticed a two-headed ogre
  7603 | D:10     | Killed a two-headed ogre
  7725 | D:11     | Noticed a two-headed ogre
  7734 | D:11     | Killed a two-headed ogre
  7986 | D:11     | Found a staircase to the Lair.
  8011 | D:11     | Reached skill level 13 in Unarmed Combat
  8105 | D:11     | Found a gate leading to a gauntlet.
  8150 | D:11     | Noticed a two-headed ogre
  8156 | D:11     | Killed a two-headed ogre
  8259 | D:11     | Identified the blade talisman "Vol Apti" {Int+3}
  8795 | D:11     | Noticed Snorg
  8812 | D:11     | Killed Snorg
  8850 | D:11     | Found an ancient bone altar of Kikubaaqudgha.
  9082 | Lair:1   | Entered Level 1 of the Lair of Beasts
  9142 | Lair:1   | Reached skill level 10 in Shapeshifting
  9156 | Lair:1   | Reached XP level 12. HP: 56/122 MP: 11/11
  9686 | Lair:1   | Found a runed translucent gate.
  9686 | Lair:1   | Found a runed translucent gate.
  9686 | Lair:1   | Noticed a nine-headed hydra
  9687 | Lair:1   | Found a runed translucent gate.
  9687 | Lair:1   | Noticed Firecrotchwizard's ghost (journeyman TrSh)
  9688 | Lair:1   | Noticed an 11-headed hydra
 10272 | Lair:2   | Noticed a seven-headed hydra
 10274 | Lair:2   | Found a hole to the Spider Nest.
 10284 | Lair:2   | Reached skill level 14 in Unarmed Combat
 11746 | Lair:3   | Reached skill level 10 in Fighting
 11832 | Lair:3   | Noticed a six-headed hydra
 12007 | Lair:4   | Reached XP level 13. HP: 89/133 MP: 12/12
 12497 | Lair:4   | Noticed Sonja
 12509 | Lair:4   | Killed Sonja
 12514 | Lair:4   | Reached skill level 15 in Unarmed Combat
 13027 | Lair:5   | Entered Level 5 of the Lair of Beasts
 13171 | Lair:5   | Noticed Urug
 13267 | Lair:4   | Killed Urug
 13284 | Lair:5   | Found a staircase to the Slime Pits.
 13646 | Lair:5   | Noticed a fire dragon
 13666 | Lair:5   | Killed a fire dragon
 14497 | Lair:5   | Noticed a dire elephant
 15172 | Lair:4   | HP: 7/205 [nine-headed hydra (10)]
 15172 | Lair:4   | Slain by a nine-headed hydra

Illustrated notes

Levels and vault maps discovered:
D:1:      dpeg_arrival_rooms_c, layout_basic, serial_shops,
          nicolae_shop_hallway_plus
D:2:      layout_rooms, serial_shops, nicolae_shop_trees,
          nicolae_shop_waterfront, shop, shop, glass_columns_b,
          minmay_stone_trees_small, skrybe_limestone_x, uniq_natasha
D:3:      layout_rooms, chequers_ecumenical_altar_twisty, serial_shops, shop
D:4:      nicolae_cairo_tiling_very_big, layout_basic,
          minmay_temple_entry_offerings, grunt_ministairs_13
D:5:      layout_basic, good_gods_temple_1, xom_butterflies, vehumet_statue
D:6:      layout_loops_ring, kennysheep_little_box,
          nicolae_dithmenos_the_darkroom
D:7:      layout_loops_ring, nicolae_wu_jian_immortal_techniques,
          mainiacjoe_overflow_big_doors, gammafunk_temple_overflow_pools,
          uniq_menkaure
D:8:      layout_basic
D:9:      layout_basic, mainiacjoe_overflow_paths, serial_co_window_serial,
          co_window_of_opportunity_a, co_window_paths_a, co_window_paths_a,
          co_window_cross_1, co_window_paths_b, co_window_paths_b,
          co_window_corner_a, co_window_of_opportunity_c, co_window_2corner,
          co_window_corner_b, co_window_of_opportunity_b, co_window_2corner,
          co_window_4corner_a, glass_columns_b, glass_columns_c,
          glass_columns_b, glass_columns_a, glass_columns_a,
          hangedman_abyss_or_decor_stagger
D:10:     layout_roguey, mainiacjoe_overflow_catwalk, uniq_harold,
          uniq_josephine
D:11:     layout_roguey, hellmonk_lair_entry_icy, gauntlet_entry_generic,
          kennysheep_vampire_church, uniq_snorg
Temple:   nicolae_temple_two_arcs
Lair:1:   layout_regular_city, gammafunk_ghost_hydra_chop
Lair:2:   layout_gridlike, minmay_shoals_entry_hut,
          nicolae_spider_entry_orb_guardian, serial_bayou_shore_a,
          grunt_megastairs_2
Lair:3:   layout_chaotic_city
Lair:4:   layout_loops_ring, uniq_sonja
Lair:5:   hangedman_lair_in_review, layout_loops_ring, guppyfry_lair_end_dragon,
          slime_entry_1, evilmike_ambush [evilmike_ambush_outer_doors,
          evilmike_ambush_inner_basic], uniq_urug

Skill      XL: |  1  2  3  4  5  6  7  8  9 10 11 12 13 |
---------------+----------------------------------------+-----
Fighting       | 1 2 3 4 6 7 8 10 11 | 11.4
Unarmed Combat | 4 5 6 7 8 10 12 13 14 15 | 15.8
Shapeshifting  | 4 5 6 7 8 10 11 12 | 12.6
Dodging        | |  1.5

Action                     |  1- 3 |  4- 6 |  7- 9 | 10-12 | 13-15 || total
---------------------------+-------+-------+-------+-------+-------++-------
  Melee: Unarmed           |    73 |    92 |   271 |   434 |   247 ||  1117
         Punch             |     1 |     3 |     6 |    39 |    31 ||    80
  Throw: Dart              |       |       |     4 |       |       ||     4
         Throwing net      |       |       |       |     1 |       ||     1
 Invoke: Potion Petition   |       |       |     1 |     2 |     3 ||     6
  Evoke: Wand              |       |       |       |     2 |     4 ||     6
    Use: Scroll            |       |       |    13 |     8 |     5 ||    26
         Potion            |       |       |     1 |       |     2 ||     3
   Stab: Distracted        |       |       |     1 |     1 |       ||     2
         Held in net/web   |       |       |       |     3 |       ||     3
 Armour: Animal skin       |    35 |    54 |   222 |    74 |       ||   385
         Robe              |       |       |       |   275 |   297 ||   572
  Dodge: Dodged            |    27 |    31 |   104 |   175 |   154 ||   491

Table legend: (Time is in decaauts)
 A = Elapsed time spent in this place.
 B = Non-inter-level travel time spent in this place.
 C = Inter-level travel time spent in this place.
 D = Time resting spent in this place.
 E = Time spent auto-exploring this place.
 F = Levels seen in this place.
 G = Mean time per level.
                   A        B        C        D        E       F      G
               +--------+--------+--------+--------+--------+-----+--------+
         Total |  14928 |  14322 |    606 |   3183 |   8299 |  17 |  878.1 |
       Dungeon |   8966 |   8562 |    404 |    999 |   6022 |  11 |  815.1 |
        Temple |     24 |     16 |      8 |      0 |      0 |   1 |   24.0 |
          Lair |   5937 |   5743 |    194 |   2183 |   2277 |   5 | 1187.4 |
               +--------+--------+--------+--------+--------+-----+--------+

Top non-repeatable levels by time:
  Lair:5: 1882 daAuts
     D:9: 1473 daAuts
    D:11: 1336 daAuts
  Lair:2: 1253 daAuts
  Lair:4: 1084 daAuts
     D:8: 1022 daAuts
  Lair:1: 948 daAuts
     D:6: 877 daAuts
  Lair:3: 767 daAuts
     D:4: 693 daAuts
     D:7: 684 daAuts
     D:5: 654 daAuts
     D:2: 617 daAuts
    D:10: 601 daAuts
     D:1: 568 daAuts
